 Dungeon Crawl Stone Soup version 0.32-a0-900-g30fb1b0edc (webtiles) character file.

Game seed: 14324817278184008053

683 601d51SH the Poker (level 7, 0/60 HPs)
             Began as a Gnoll Cinder Acolyte on Apr 5, 2024.
             Was a High Priest of Ignis.
             Succumbed to an adder's poison
             ... in a sewer.
             The game lasted 00:10:22 (3727 turns).

601d51SH the Poker (Gnoll Cinder Acolyte)           Turns: 3727, Time: 00:10:23

Health: 0/60       AC:  4    Str: 23    XL:     7   Next: 61%
Magic:  10/22      EV: 10    Int: 15    God:    Ignis [*****.]
Gold:   172        SH:  0    Dex:  5    Spells: 12/14 levels left

rFire   + . .        a - -1 spear (flame)
rCold   . . .        (no shield)
rNeg    . . .        g - +2 robe {Will+}
rPois   .            (no helmet)
rElec   .            (no cloak)
rCorr   .            (no gloves)
SInv    .            (no boots)
Will    +++..        r - amulet of regeneration
Stlth   ++           j - ring "Hohedone" {Will++ MP+9 Str+4 Int+3 Dex-2}
HPRegen 1.10/turn    (no ring)
MPRegen 0.18/turn

%: no passive effects
@: lethally poisoned (0 -> -1)
A: fangs 1, strong nose, distributed training, strong 1, subdued magic 1
a: Renounce Religion, Fiery Armour, Foxfire Swarm, Rising Flame


You were in a sewer.
You worshipped Ignis.
Ignis was extremely pleased with you.
You visited 1 branch of the dungeon, and saw 4 of its levels.
You also visited: Sewer.

You collected 172 gold pieces.

Inventory:

Hand Weapons
 a - a -1 spear of flaming (weapon)
 f - a +0 scythe
 t - a +0 dagger of venom
 u - a +1 heavy sling
Missiles
 h - 4 boomerangs (quivered)
 m - 6 atropa-tipped darts
Armour
 b - a +0 robe
 g - a +2 robe of willpower (worn)
 i - a +0 ring mail
Jewellery
 j - the ring "Hohedone" (left hand) {Will++ MP+9 Str+4 Int+3 Dex-2}
   (You found it on level 2 of the Dungeon)

   [ring of magical power]

   Str+4:     It affects your strength (+4).
   Int+3:     It affects your intelligence (+3).
   Dex-2:     It affects your dexterity (-2).
   Will++:    It greatly increases your willpower.
   MP+9:      It affects your magic capacity (+9).
 r - an amulet of regeneration (around neck)
 s - an amulet of faith
Wands
 p - a wand of light (8)
Scrolls
 c - 3 scrolls of revelation {unknown}
 d - 3 scrolls of teleportation
 k - 2 scrolls of amnesia {unknown}
 l - 3 scrolls of identify {unknown}
 n - a scroll of fog {unknown}
 q - a scroll of torment {unknown}
 w - 2 scrolls of blinking {unknown}
Potions
 e - 2 potions of mutation
 o - a potion of attraction {unknown}
 v - a potion of ambrosia {unknown}
 x - a potion of cancellation {unknown}
 z - a potion of magic {unknown}
 A - a potion of heal wounds {unknown}


   Skills:
 + Level 7.1 Fighting
 + Level 2.7 Short Blades
 + Level 2.7 Long Blades
 + Level 2.7 Axes
 + Level 2.7 Maces & Flails
 + Level 7.1 Polearms
 + Level 2.7 Staves
 + Level 2.7 Ranged Weapons
 + Level 2.7 Throwing
 + Level 2.7 Armour
 + Level 2.7 Dodging
 + Level 2.7 Stealth
 + Level 2.7 Shields
 + Level 2.7 Unarmed Combat
 + Level 4.0 Spellcasting
 + Level 2.2 Conjurations
 + Level 2.2 Hexes
 + Level 2.2 Summonings
 + Level 2.2 Necromancy
 + Level 2.2 Translocations
 + Level 5.9 Fire Magic
 + Level 2.2 Ice Magic
 + Level 2.2 Air Magic
 + Level 2.2 Earth Magic
 + Level 2.2 Alchemy
 + Level 3.0 Invocations
 + Level 2.7 Evocations
 + Level 2.4 Shapeshifting


You had 12 spell levels left.
You knew the following spells:

 Your Spells              Type           Power      Damage    Failure   Level
a - Scorch                Fire           32%        2d6       1%          2

Your spell library contained the following spells:

 Spells                   Type           Power      Damage    Failure   Level


Dungeon Overview and Level Annotations

Branches:
Dungeon (4/15)              Sewer (1/1)
 Temple: D:4-7

Altars:
Okawaru

Shops:
D:3 :


Innate Abilities, Weirdness & Mutations

You have very sharp teeth.
Your uncanny sense of smell can sniff out nearby items.
Your experience applies equally to all skills.
Your muscles are strong. (Str +4, Int/Dex -1)
Your spells are a little easier to cast, but a little less powerful.


Message History

Confirm with . or Enter, or press ? or * to list all spells.
Flames lash the ball python.
You kill the ball python!
You feel very sick. The adder bites you but does no damage.
The ball python bites you but does no damage.
The bullfrog is engulfed in a cloud of scalding steam.
The bullfrog hits you.
* * * LOW HITPOINT WARNING * * *
The bullfrog swells and bulges.
The bullfrog hits you but does no damage.
The ball python bites you but does no damage.
The ball python constricts you.
* * * LOW HITPOINT WARNING * * *
The adder bites you.
* * * LOW HITPOINT WARNING * * *
The ball python bites you.
* * * LOW HITPOINT WARNING * * *
Casting: Scorch (safe; 2% risk of failure)
Confirm with . or Enter, or press ? or * to list all spells.
Flames lash the bullfrog.
The bullfrog is burned terribly!
You kill the bullfrog!
You feel sick. The bullfrog hits you.
* * * LOW HITPOINT WARNING * * *
The adder bites you.
* * * LOW HITPOINT WARNING * * *
The ball python bites you.
* * * LOW HITPOINT WARNING * * *
The ball python constricts you.
* * * LOW HITPOINT WARNING * * *
The bullfrog hits you but does no damage.
The ball python completely misses you.
Your Spellcasting skill increases to level 4!
Your Invocations skill increases to level 3!
It was a potion of mutation.
You feel extremely strange.
Your connection to magic feels subdued.
You feel stronger.
Your surroundings suddenly seem different.
Something loses its grip on you.
You die...
Ignis goes out, and joins you in death.

....##
##...††.##'##......##
.....#
#......###..##......#
~~~..# #.~~~†##
#..##...~~## ~~~≈≈#
#≈≈~~≈~# #####~~~~≈≈#
~≈~≈≈# #≈~~≈≈≈#
#≈≈~≈≈≈# ≈≈~#≈#
#≈≈≈~~≈# #≈≈~~≈≈#
≈≈≈~≈# #≈≈≈≈≈~#
#≈≈~~≈≈# ≈≈~~≈#
#≈≈≈≈†~# #≈~~~~≈#
≈≈~~~# #≈.~.@≈#
#≈≈≈~≈≈# ≈≈≈≈.#
#....~≈# #≈≈~≈~≈#
≈≈≈~~# #≈.~~~≈#
#≈≈≈~.≈# ≈≈≈~≈#
#~~≈≈≈≈# #≈≈≈≈.~#
≈≈#~≈# #~~~≈≈≈#
#≈≈~≈~≈# ≈~~#~#
#~~~≈≈≈# #≈~≈S#≈#
≈††≈≈# #≈≈~~≈~#
#≈§~S≈≈# ~††≈≈#
#≈≈~~~~# #≈F§S~≈#
~~≈≈≈# #≈≈≈~~≈#
#≈~~≈≈~#


There were no monsters in sight!

Vanquished Creatures
  Sigmund (D:2)
  A sky beast (D:4)
  A black bear (D:4)
  A bullfrog (Sewer)
  An iguana (D:4)
  2 orc wizards (D:3)
  2 river rats (Sewer)
  8 adders
  A dart slug (D:1)
  2 ribbon worms
  4 orcs (D:3)
  2 bats
  10 endoplasms
  4 giant cockroaches
  11 goblins
  11 hobgoblins
  5 jackals
  3 quokkas
  16 ball pythons
  2 frilled lizards
  5 kobolds
  21 rats
114 creatures vanquished.

Notes
Turn   | Place    | Note
-------+----------+-------------------------------------------
     0 | D:1      | 601d51SH the Gnoll Cinder Acolyte began the quest for the
                  | Orb.
     0 | D:1      | Reached XP level 1. HP: 23/23 MP: 4/4
   120 | D:1      | Reached XP level 2. HP: 29/29 MP: 5/5
   123 | D:1      | Learned a level 2 spell: Scorch
   283 | D:1      | Reached XP level 3. HP: 34/35 MP: 7/7
   349 | D:1      | Reached skill level 1 in Invocations
   697 | D:2      | Noticed Sigmund
   707 | D:2      | Killed Sigmund
   708 | D:2      | Reached skill level 1 in Short Blades
   708 | D:2      | Reached skill level 1 in Long Blades
   708 | D:2      | Reached skill level 1 in Axes
   708 | D:2      | Reached skill level 1 in Maces & Flails
   708 | D:2      | Reached skill level 1 in Staves
   708 | D:2      | Reached skill level 1 in Ranged Weapons
   708 | D:2      | Reached skill level 1 in Throwing
   708 | D:2      | Reached skill level 1 in Armour
   708 | D:2      | Reached skill level 1 in Dodging
   708 | D:2      | Reached skill level 1 in Stealth
   708 | D:2      | Reached skill level 1 in Shields
   708 | D:2      | Reached skill level 1 in Unarmed Combat
   708 | D:2      | Reached skill level 1 in Conjurations
   708 | D:2      | Reached skill level 1 in Hexes
   708 | D:2      | Reached skill level 1 in Summonings
   708 | D:2      | Reached skill level 1 in Necromancy
   708 | D:2      | Reached skill level 1 in Translocations
   708 | D:2      | Reached skill level 1 in Ice Magic
   708 | D:2      | Reached skill level 1 in Air Magic
   708 | D:2      | Reached skill level 1 in Earth Magic
   708 | D:2      | Reached skill level 1 in Alchemy
   708 | D:2      | Reached skill level 1 in Evocations
   708 | D:2      | Reached skill level 1 in Shapeshifting
   708 | D:2      | Reached XP level 4. HP: 41/41 MP: 1/8
   708 | D:2      | Reached XP level 5. HP: 47/47 MP: 1/9
  1204 | D:2      | Identified the ring "Hohedone" {Will++ MP+9 Str+4 Int+3
                  | Dex-2}
  1647 | D:2      | Reached XP level 6. HP: 53/53 MP: 11/11
  2066 | D:3      | Found Qoulean's Book Shoppe.
  2590 | D:4      | Noticed a black bear
  2602 | D:4      | Killed a black bear
  2608 | D:4      | Reached XP level 7. HP: 37/59 MP: 10/12
  2747 | D:4      | Found an iron altar of Okawaru.
  3043 | D:4      | Found a glowing drain.
  3051 | Sewer    | Entered a sewer
  3726 | Sewer    | HP: 3/60 [adder (2)]
  3726 | Sewer    | HP: 1/60 [constriction (1)]
  3727 | Sewer    | Gained mutation: Your spells are a little easier to cast,
                  | but a little less powerful. [potion of mutation]
  3727 | Sewer    | Gained mutation: Your muscles are strong. (Str +4, Int/Dex
                  | -1) [potion of mutation]
  3727 | Sewer    | Succumbed to an adder's poison

Illustrated notes

Levels and vault maps discovered:
D:1:      elethiomel_arrival_maze, layout_rooms
D:2:      layout_basic, uniq_sigmund
D:3:      layout_basic, serial_shops, shop
D:4:      layout_basic, mainiacjoe_overflow_brackets, portal_sewer_entry_e
Sewer:    sewer_minmay_w

Skill      XL: |  1  2  3  4  5  6  7 |
---------------+----------------------+-----
Invocations    | 1 2 3 |  3.0
Short Blades   | 1 2 |  2.7
Long Blades    | 1 2 |  2.7
Axes           | 1 2 |  2.7
Maces & Flails | 1 2 |  2.7
Staves         | 1 2 |  2.7
Ranged Weapons | 1 2 |  2.7
Throwing       | 1 2 |  2.7
Armour         | 1 2 |  2.7
Dodging        | 1 2 |  2.7
Stealth        | 1 2 |  2.7
Shields        | 1 2 |  2.7
Unarmed Combat | 1 2 |  2.7
Spellcasting   | 3 4 |  4.0
Conjurations   | 1 2 |  2.2
Hexes          | 1 2 |  2.2
Summonings     | 1 2 |  2.2
Necromancy     | 1 2 |  2.2
Translocations | 1 2 |  2.2
Ice Magic      | 1 2 |  2.2
Air Magic      | 1 2 |  2.2
Earth Magic    | 1 2 |  2.2
Alchemy        | 1 2 |  2.2
Evocations     | 1 2 |  2.7
Shapeshifting  | 1 2 |  2.4
Fighting       | 7 |  7.1
Polearms       | 7 |  7.1
Fire Magic     | |  5.9

Action                     |  1- 3 |  4- 6 |  7- 9 || total
---------------------------+-------+-------+-------++-------
  Melee: Spear             |    95 |   119 |   143 ||   357
         Bite              |     7 |     6 |     8 ||    21
   Cast: Scorch            |     4 |    14 |    32 ||    50
    Use: Scroll            |       |       |     1 ||     1
         Potion            |       |       |     1 ||     1
   Stab: Sleeping          |     1 |     3 |     1 ||     5
 Armour: Robe              |    29 |    57 |   264 ||   350
  Dodge: Dodged            |    28 |    44 |   108 ||   180

Table legend: (Time is in decaauts)
 A = Elapsed time spent in this place.
 B = Non-inter-level travel time spent in this place.
 C = Inter-level travel time spent in this place.
 D = Time resting spent in this place.
 E = Time spent auto-exploring this place.
 F = Levels seen in this place.
 G = Mean time per level.
                   A        B        C        D        E       F      G
               +--------+--------+--------+--------+--------+-----+--------+
         Total |   3685 |   3605 |     80 |    702 |   1714 |   5 |  737.0 |
       Dungeon |   2989 |   2909 |     80 |    306 |   1714 |   4 |  747.2 |
         Sewer |    695 |    695 |      0 |    396 |      0 |   1 |  695.0 |
               +--------+--------+--------+--------+--------+-----+--------+

Top non-repeatable levels by time:
     D:2: 1054 daAuts
     D:3: 800 daAuts
   Sewer: 695 daAuts
     D:1: 678 daAuts
     D:4: 456 daAuts
